AoeStats
← MonoLink

Glade

510440420Analyzed
1v1 RM · 2d ago on Oct 1, 2026· 56m 10s· 2 players
Game mode
Random Map
Map size
Tiny (2 player)
Population
200
Speed
Normal
Resources
Standard
Victory
Conquest
Starting age
Dark Age
Ending age
Imperial Age
RankedLock teamsTeams togetherTeam positionsShared explorationLock speedFull tech treeHidden civsTurbo modeCheats
Victory
Defeat
🇨🇳 Inca · China
1729
+11
🇲🇽 Burmese · Mexico
1619
-11
MonoLink
7:21 Loom
9:41 Feudal Age
16:44 Fletching
22:10 Castle Age
20:24 Gold Mining
20:20 Horse Collar
22:12 Crossbowman
22:58 Bodkin Arrow
25:29 Wheelbarrow
25:25 Heavy Plow
29:57 Town Watch
30:49 Bloodlines
30:40 Husbandry
39:40 Gold Shaft Mining
40:49 Padded Archer Armor
43:43 Imperial Age
44:53 Conscription
44:51 Elite Skirmisher
46:20 Bracer
47:57 Chemistry
47:18 Ballistics
51:13 Light Cavalry
52:10 Scale Barding Armor
52:15 Forging
52:03 Hussar
53:20 Chain Barding Armor
54:11 Manipur Cavalry
55:26 Plate Barding Armor
Player86688262
11:24 Feudal Age
11:56 Loom
11:33 Champi Runner
15:02 Arson
15:56 Double-Bit Axe
17:10 Horse Collar
20:13 Loom
22:34 Scale Mail Armor
24:54 Castle Age
23:40 Forging
24:11 Gold Mining
25:14 Champi Warrior
26:30 Chain Mail Armor
29:07 Squires
33:47 Pikeman
34:49 Bow Saw
35:27 Crossbowman
37:05 Fletching
37:41 Bodkin Arrow
38:31 Wheelbarrow
39:05 Padded Archer Armor
40:54 Heavy Plow
46:03 Imperial Age
44:41 Town Watch
46:22 Ballistics
46:32 Leather Archer Armor
46:44 Thumb Ring
46:50 Bracer
48:19 Chemistry
47:56 Leather Archer Armor
47:23 Elite Skirmisher
49:35 Plate Mail Armor
48:28 Elite Champi Warrior
51:14 Iron Casting
52:14 Ring Archer Armor
52:25 Hand Cart
52:39 Stone Mining
53:11 Andean Sling
55:31 Blast Furnace
54:41 Siege Engineers
54:39 Fabric Shields
54:59 Conscription
56:55 Conscription
Connection lost

Rejoining the realm…

Still unreachable

The connection could not be restored.

Session expired

The server has moved on; the page needs a fresh start.